TOP OF THE 1ST |
Butler White Sox batting - Pitching for Reading Rainbows : RHP Paul Orr
|
Pitching: RHP Paul Orr
|
|
Batting: RHB Luis Fuentes
|
0-0: Ball 1-0: Called Strike 1-1: Called Strike 1-2: Ball 2-2: Ball 3-2: Base on Balls
|
Batting: LHB Sam Haynes
|
0-0: Fly out, F7 (Flyball, 7LM)
|
Batting: SHB Ben Marks
|
0-0: Called Strike 0-1: Fielders Choice at 2nd, 4-6 (Groundball, 4M)
|
Batting: LHB Jim Knight
|
0-0: Called Strike 0-1: Foul Ball, location: 2F 0-2: Strikes out swinging
|
Top of the 1st over - 0 runs, 0 hits, 0 errors, 1 left on base; Butler 0 - Reading 0 |
BOTTOM OF THE 1ST |
Reading Rainbows batting - Pitching for Butler White Sox : LHP Jason Dean
|
Pitching: LHP Jason Dean
|
|
Batting: LHB Ismael Barajas
|
0-0: Fly out, F9 (Line Drive, 9)
|
Batting: RHB Spike Kennedy
|
0-0: Ball 1-0: Ball 2-0: Ball 3-0: Called Strike 3-1: Base on Balls
|
Batting: RHB Ethan Moore
|
0-0: Called Strike Spike Kennedy is caught stealing 2nd base 0-1: SINGLE (Line Drive, 4MD)
|
Batting: LHB Víctor Peńa
|
0-0: Fly out, F4 (Popup, 4D)
|
Bottom of the 1st over - 0 runs, 1 hit, 0 errors, 1 left on base; Butler 0 - Reading 0 |
TOP OF THE 2ND |
Butler White Sox batting - Pitching for Reading Rainbows : RHP Paul Orr
|
Batting: LHB Josh Pérez
|
0-0: Called Strike 0-1: Ball 1-1: Foul Ball, location: 2F 1-2: Ground out 4-3 (Groundball, 4)
|
Batting: SHB Giel Molendijk
|
0-0: Foul Ball, location: 2F 0-1: Fly out, F8 (Flyball, 8RM)
|
Batting: RHB Ángel Serrano
|
0-0: Called Strike 0-1: Ball 1-1: Ball 2-1: Ball 3-1: Foul Ball, location: 2F 3-2: Foul Ball, location: 2F 3-2: Foul Ball, location: 2F 3-2: Foul Ball, location: 2F 3-2: Fly out, F8 (Line Drive, 8RXD)
|
Top of the 2nd over - 0 runs, 0 hits, 0 errors, 0 left on base; Butler 0 - Reading 0 |
BOTTOM OF THE 2ND |
Reading Rainbows batting - Pitching for Butler White Sox : LHP Jason Dean
|
Batting: RHB Edmund Swanson
|
0-0: Called Strike 0-1: Swinging Strike 0-2: Strikes out swinging
|
Batting: LHB Ramón Morán
|
0-0: Foul Ball, location: 2F 0-1: DOUBLE (Line Drive, 9D)
|
Pinch Runner at 2nd Hubert Brown:
|
|
Batting: RHB Richard Case
|
0-0: Ground out U3 (Groundball, 3) Hubert Brown to third
|
Batting: SHB Johnny Jackson
|
0-0: Ball 1-0: DOUBLE (Line Drive, 7LM) Hubert Brown scores
|
Batting: RHB Jesús Chávez
|
0-0: Foul Ball, location: 2F 0-1: Ball 1-1: Ball 2-1: Ball 3-1: Base on Balls
|
Batting: LHB Ismael Barajas
|
0-0: Foul Ball, location: 2F 0-1: SINGLE (Flyball, 8LS) Johnny Jackson to third Jesús Chávez to second Runner from 3rd tries for Home, SAFE, throw made home
|
Batting: RHB Spike Kennedy
|
0-0: Foul Ball, location: 2F 0-1: Ball 1-1: Foul Ball, location: 2F 1-2: Hit by Pitch Jesús Chávez to third Ismael Barajas to second
|
Batting: RHB Ethan Moore
|
0-0: Ball 1-0: Called Strike 1-1: Ball 2-1: Ball 3-1: SINGLE (Flyball, 89M) Jesús Chávez scores Ismael Barajas to third Spike Kennedy to second Runner from 3rd tries for Home, SAFE, no throw
|
Batting: LHB Víctor Peńa
|
0-0: Called Strike 0-1: Called Strike 0-2: Ball 1-2: Foul Ball, location: 2F 1-2: Hit by Pitch Spike Kennedy to third Ethan Moore to second
|
Batting: RHB Edmund Swanson
|
0-0: Ball 1-0: Ground out 5-3 (Groundball, 56S)
|
Bottom of the 2nd over - 4 runs, 4 hits, 0 errors, 3 left on base; Butler 0 - Reading 4 |
TOP OF THE 3RD |
Butler White Sox batting - Pitching for Reading Rainbows : RHP Paul Orr
|
Batting: RHB Jerry Moore
|
0-0: Ball 1-0: Swinging Strike 1-1: Called Strike 1-2: Strikes out swinging, 2-3 out at first.
|
Batting: LHB Thomas Dixon
|
0-0: Called Strike 0-1: Ball 1-1: Ball 2-1: Ball 3-1: Base on Balls
|
Batting: RHB Luis Fuentes
|
0-0: Ball 1-0: Ground out 4-3 (Groundball, 34) Thomas Dixon to second
|
Batting: LHB Sam Haynes
|
0-0: Ball 1-0: Called Strike 1-1: Ball 2-1: Ball 3-1: Base on Balls
|
Batting: SHB Ben Marks
|
0-0: Ball 1-0: Fly out, F7 (Flyball, 7D)
|
Top of the 3rd over - 0 runs, 0 hits, 0 errors, 2 left on base; Butler 0 - Reading 4 |
BOTTOM OF THE 3RD |
Reading Rainbows batting - Pitching for Butler White Sox : LHP Jason Dean
|
Batting: RHB Hubert Brown
|
0-0: Foul Ball, location: 2F 0-1: Foul Ball, location: 2F 0-2: Foul Ball, location: 2F 0-2: Ball 1-2: Ball 2-2: Ball 3-2: Base on Balls
|
Batting: RHB Richard Case
|
0-0: Called Strike 0-1: Ball 1-1: Ball 2-1: Reached on error, E6 (Groundball, 56) Hubert Brown to second
|
Batting: SHB Johnny Jackson
|
0-0: Grounds into double play, 4-6-3 (Groundball, 34) Hubert Brown to third
|
Batting: RHB Jesús Chávez
|
0-0: Ball 1-0: Foul Ball, location: 2F 1-1: Ball 2-1: Ball 3-1: Called Strike 3-2: SINGLE (Groundball, 6MD) Hubert Brown scores
|
Batting: LHB Ismael Barajas
|
0-0: Ball 1-0: Ball 2-0: Ground out 4-3 (Groundball, 4S)
|
Bottom of the 3rd over - 1 run, 1 hit, 1 error, 1 left on base; Butler 0 - Reading 5 |
TOP OF THE 4TH |
Butler White Sox batting - Pitching for Reading Rainbows : RHP Paul Orr
|
Batting: LHB Jim Knight
|
0-0: Called Strike 0-1: Called Strike 0-2: Strikes out swinging
|
Batting: LHB Josh Pérez
|
0-0: Called Strike 0-1: Ball 1-1: Ball 2-1: Foul Ball, location: 2F 2-2: Ground out 6-3 (Groundball, 6)
|
Batting: SHB Giel Molendijk
|
0-0: Called Strike 0-1: Swinging Strike 0-2: Ball 1-2: Foul Ball, location: 2F 1-2: Strikes out swinging
|
Top of the 4th over - 0 runs, 0 hits, 0 errors, 0 left on base; Butler 0 - Reading 5 |
BOTTOM OF THE 4TH |
Reading Rainbows batting - Pitching for Butler White Sox : LHP Jason Dean
|
Batting: RHB Spike Kennedy
|
0-0: Ground out 5-3 (Groundball, 56)
|
Batting: RHB Ethan Moore
|
0-0: Called Strike 0-1: Swinging Strike 0-2: Strikes out looking
|
Batting: LHB Víctor Peńa
|
0-0: Called Strike 0-1: Foul Ball, location: 2F 0-2: Ball 1-2: DOUBLE (Groundball, 3L)
|
Batting: RHB Edmund Swanson
|
0-0: Ground out 5-3 (Groundball, 56)
|
Bottom of the 4th over - 0 runs, 1 hit, 0 errors, 1 left on base; Butler 0 - Reading 5 |
TOP OF THE 5TH |
Butler White Sox batting - Pitching for Reading Rainbows : RHP Paul Orr
|
Batting: RHB Ángel Serrano
|
0-0: Called Strike 0-1: Ball 1-1: Ball 2-1: Foul Ball, location: 2F 2-2: Foul Ball, location: 2F 2-2: DOUBLE (Line Drive, 3D)
|
Batting: RHB Jerry Moore
|
0-0: Called Strike 0-1: Foul Ball, location: 2F 0-2: Ball 1-2: Ball 2-2: SINGLE (Groundball, 6S) (infield hit) Ángel Serrano to third
|
Batting: LHB Thomas Dixon
|
0-0: Called Strike 0-1: Ball 1-1: SINGLE (Groundball, 4MD) Ángel Serrano scores Jerry Moore to second Runner from 2nd tries for 3rd, SAFE, throw made to third
|
Batting: RHB Luis Fuentes
|
0-0: Foul Ball, location: 2F 0-1: SINGLE (Groundball, 56D) Jerry Moore scores Thomas Dixon to second
|
Batting: LHB Sam Haynes
|
0-0: Foul Ball, location: 2F 0-1: Ball 1-1: Foul Ball, location: 2F 1-2: Foul Ball, location: 2F 1-2: Fly out, F8 (Flyball, 8LXD) Runner from 2nd tags up, SAFE at 3rd, no throw
|
Batting: SHB Ben Marks
|
0-0: Ball 1-0: Called Strike 1-1: Ball Luis Fuentes steals 2nd base 2-1: Swinging Strike 2-2: Strikes out swinging
|
Pitching: RHP Coy Torres
|
|
Batting: LHB Jim Knight
|
0-0: Ball 1-0: Swinging Strike 1-1: Ball 2-1: Ball 3-1: Foul Ball, location: 2F 3-2: Base on Balls
|
Batting: LHB Josh Pérez
|
0-0: Called Strike 0-1: Called Strike 0-2: Strikes out swinging
|
Top of the 5th over - 2 runs, 4 hits, 0 errors, 3 left on base; Butler 2 - Reading 5 |
BOTTOM OF THE 5TH |
Reading Rainbows batting - Pitching for Butler White Sox : LHP Jason Dean
|
Batting: RHB Hubert Brown
|
0-0: Foul Ball, location: 2F 0-1: Ball 1-1: Called Strike 1-2: Strikes out swinging
|
Batting: RHB Richard Case
|
0-0: Fly out, F9 (Flyball, 89D)
|
Batting: SHB Johnny Jackson
|
0-0: Ball 1-0: Ball 2-0: SINGLE (Groundball, 13S) (infield hit)
|
Batting: RHB Jesús Chávez
|
0-0: Called Strike 0-1: Swinging Strike 0-2: Fly out, F6 (Line Drive, 6)
|
Bottom of the 5th over - 0 runs, 1 hit, 0 errors, 1 left on base; Butler 2 - Reading 5 |
TOP OF THE 6TH |
Butler White Sox batting - Pitching for Reading Rainbows : RHP Coy Torres
|
Batting: SHB Giel Molendijk
|
0-0: Ball 1-0: Ground out U3 (Groundball, 3)
|
Batting: RHB Ángel Serrano
|
0-0: Ball 1-0: Ball 2-0: Called Strike 2-1: Ball 3-1: Foul Ball, location: 2F 3-2: Strikes out swinging
|
Batting: RHB Jerry Moore
|
0-0: Called Strike 0-1: Ball 1-1: Foul Ball, location: 2F 1-2: SINGLE (Flyball, 9LM)
|
Batting: LHB Thomas Dixon
|
0-0: Ball 1-0: Called Strike 1-1: Ball 2-1: Foul Ball, location: 2F 2-2: Foul Ball, location: 2F 2-2: Fly out, F6 (Popup, 6M)
|
Top of the 6th over - 0 runs, 1 hit, 0 errors, 1 left on base; Butler 2 - Reading 5 |
BOTTOM OF THE 6TH |
Reading Rainbows batting - Pitching for Butler White Sox : LHP Jason Dean
|
Pitching: RHP Dan Bailey
|
|
Batting: LHB Ismael Barajas
|
0-0: Foul Ball, location: 2F 0-1: Swinging Strike 0-2: Foul Ball, location: 2F 0-2: Ball 1-2: Foul Ball, location: 2F 1-2: TRIPLE (Line Drive, 9D)
|
Batting: RHB Spike Kennedy
|
0-0: Called Strike 0-1: Foul Ball, location: 2F 0-2: Foul Ball, location: 2F 0-2: Strikes out swinging
|
Batting: RHB Ethan Moore
|
0-0: Called Strike 0-1: Ball 1-1: Ball 2-1: Ball 3-1: Called Strike 3-2: Base on Balls
|
Batting: LHB Víctor Peńa
|
0-0: Ball 1-0: Fly out, F9 (Flyball, 9D) Runner from 3rd tags up, SCORES, throw made
|
Batting: RHB Edmund Swanson
|
0-0: Called Strike 0-1: Ball 1-1: Fly out, F7 (Line Drive, 7)
|
Bottom of the 6th over - 1 run, 1 hit, 0 errors, 1 left on base; Butler 2 - Reading 6 |
TOP OF THE 7TH |
Butler White Sox batting - Pitching for Reading Rainbows : RHP Coy Torres
|
Batting: RHB Luis Fuentes
|
0-0: Called Strike 0-1: Ball 1-1: Ball 2-1: Foul Ball, location: 2F 2-2: Ball 3-2: Strikes out swinging
|
Batting: LHB Sam Haynes
|
0-0: Ball 1-0: Ball 2-0: Called Strike 2-1: Fly out, F7 (Line Drive, 7)
|
Batting: SHB Ben Marks
|
0-0: Ball 1-0: Ball 2-0: Swinging Strike 2-1: Foul Ball, location: 2F 2-2: Strikes out swinging
|
Top of the 7th over - 0 runs, 0 hits, 0 errors, 0 left on base; Butler 2 - Reading 6 |
BOTTOM OF THE 7TH |
Reading Rainbows batting - Pitching for Butler White Sox : RHP Dan Bailey
|
Batting: RHB Hubert Brown
|
0-0: Ball 1-0: Foul Ball, location: 2F 1-1: Ball 2-1: Ball 3-1: Swinging Strike 3-2: Strikes out looking
|
Batting: RHB Richard Case
|
0-0: Swinging Strike 0-1: Ball 1-1: Ball 2-1: Foul Ball, location: 2F 2-2: Strikes out swinging
|
Batting: SHB Johnny Jackson
|
0-0: Swinging Strike 0-1: Foul Ball, location: 2F 0-2: Ball 1-2: Strikes out swinging
|
Bottom of the 7th over - 0 runs, 0 hits, 0 errors, 0 left on base; Butler 2 - Reading 6 |
TOP OF THE 8TH |
Butler White Sox batting - Pitching for Reading Rainbows : RHP Coy Torres
|
Batting: LHB Jim Knight
|
0-0: Ball 1-0: Ground out U3 (Groundball, 34)
|
Batting: LHB Josh Pérez
|
0-0: Foul Ball, location: 2F 0-1: Ball 1-1: Foul Ball, location: 2F 1-2: SINGLE (Groundball, 3D)
|
Batting: SHB Giel Molendijk
|
0-0: Foul Ball, location: 2F 0-1: Swinging Strike 0-2: Ball 1-2: Ball 2-2: Foul Ball, location: 2F 2-2: Ball 3-2: Base on Balls Josh Pérez to second
|
Batting: RHB Ángel Serrano
|
0-0: Foul Ball, location: 2F 0-1: Ball 1-1: Foul Ball, location: 2F 1-2: Strikes out looking
|
Pitching: RHP Manny Ramos
|
|
Batting: RHB Jerry Moore
|
0-0: Ball 1-0: Foul Ball, location: 2F 1-1: Foul Ball, location: 2F 1-2: Strikes out swinging
|
Top of the 8th over - 0 runs, 1 hit, 0 errors, 2 left on base; Butler 2 - Reading 6 |
BOTTOM OF THE 8TH |
Reading Rainbows batting - Pitching for Butler White Sox : RHP Dan Bailey
|
Batting: RHB Jesús Chávez
|
0-0: Foul Ball, location: 2F 0-1: Ball 1-1: Swinging Strike 1-2: Ball 2-2: Ground out 5-3 (Groundball, 5S)
|
Batting: LHB Ismael Barajas
|
0-0: Called Strike 0-1: Ball 1-1: Foul Ball, location: 2F 1-2: Ground out 3-1 (Groundball, 34)
|
Batting: RHB Spike Kennedy
|
0-0: Called Strike 0-1: Ball 1-1: Foul Ball, location: 2F 1-2: Fly out, F7 (Flyball, 78S)
|
Bottom of the 8th over - 0 runs, 0 hits, 0 errors, 0 left on base; Butler 2 - Reading 6 |
TOP OF THE 9TH |
Butler White Sox batting - Pitching for Reading Rainbows : RHP Manny Ramos
|
Pitching: RHP Jesús Manuel
|
|
Batting: LHB Thomas Dixon
|
0-0: Fly out, F6 (Line Drive, 6M)
|
Batting: RHB Luis Fuentes
|
0-0: Ball 1-0: Fly out, F8 (Line Drive, 8RS)
|
Batting: LHB Sam Haynes
|
0-0: Foul Ball, location: 2F 0-1: Foul Ball, location: 2F 0-2: Ball 1-2: Foul Ball, location: 2F 1-2: Ground out U3 (Groundball, 3)
|
Top of the 9th over - 0 runs, 0 hits, 0 errors, 0 left on base; Butler 2 - Reading 6 |
|